AoeStats
← Spencer

Arabia

509927188Analyzed
2v2 RM · 5d ago on Sep 28, 2026· 14m 40s· 4 players
Game mode
Random Map
Map size
Medium (4 player)
Population
200
Speed
Normal
Resources
Standard
Victory
Conquest
Starting age
Dark Age
Ending age
Imperial Age
RankedLock teamsTeams togetherTeam positionsShared explorationLock speedFull tech treeHidden civsTurbo modeCheats
Victory
Defeat
🇨🇭 Romans · Switzerland
1275
+15
🇨🇭 Varangians · Switzerland
1273
+15
🇩🇪 Vietnamese · Germany
1260
-15
🇩🇪 Berbers · Germany
1260
-15
Spencer
6:48 Loom
9:11 Feudal Age
9:43 Double-Bit Axe
11:55 Horse Collar
Hill
7:28 Loom
9:45 Feudal Age
Pistolenhenry
6:02 Loom
8:56 Feudal Age
12:38 Bloodlines
Pistolenharald
7:15 Loom
9:44 Feudal Age
8:00 Loom
11:29 Scale Mail Armor
Connection lost

Rejoining the realm…

Still unreachable

The connection could not be restored.

Session expired

The server has moved on; the page needs a fresh start.